ORI
UNIVERSITY OF CONNETICUT HUSKIES @ FLORIDA STATE UNIVERSITY SEMINOLES
08/04/2049
 
TOP OF THE 1ST
University of Conneticut Huskies batting - Pitching for Florida State University Seminoles : RHP Pat Knapke
Pitching: RHP Pat Knapke
Batting: RHB Victor Ramos 0-0: Called Strike
0-1: Ball
1-1: Swinging Strike
1-2: Ball
2-2: Foul Ball, location: 2F
2-2: Strikes out swinging
Batting: LHB Omar Alba 0-0: Ground out 4-3 (Groundball, 4, EV 98.8 MPH)
Batting: LHB Greg James 0-0: Ball
1-0: SINGLE (Groundball, 34D, EV 103.1 MPH)
Batting: RHB Jai De san miguel 0-0: Called Strike
0-1: Foul Ball, location: 2F
0-2: Strikes out swinging
Top of the 1st over - 0 runs, 1 hit, 0 errors, 1 left on base; University of Conneticut 0 - Florida State University 0
BOTTOM OF THE 1ST
Florida State University Seminoles batting - Pitching for University of Conneticut Huskies : RHP Hyun-kyoo Kim
Pitching: RHP Hyun-kyoo Kim
Batting: RHB Tyan-yu Chen 0-0: DOUBLE (Line Drive, 7LS, EV 111.9 MPH)
Batting: RHB Shu-yaan Louis 0-0: Called Strike
0-1: Ground out 5-3 (Groundball, 5, EV 81.2 MPH)
Batting: LHB John Doiron 0-0: Ball
1-0: Foul Ball, location: 2F
1-1: Foul Ball, location: 2F
1-2: SINGLE (Flyball, 9LM, EV 90.6 MPH) - OUT at second base trying to stretch hit.
Tyan-yu Chen scores
Batting: LHB Kuang-an Liu 0-0: Ground out 4-3 (Groundball, 4M, EV 106.2 MPH)
Bottom of the 1st over - 1 run, 2 hits, 0 errors, 0 left on base; University of Conneticut 0 - Florida State University 1
TOP OF THE 2ND
University of Conneticut Huskies batting - Pitching for Florida State University Seminoles : RHP Pat Knapke
Batting: RHB Roku Kawano 0-0: Ground out 3-1 (Groundball, 13, EV 88.8 MPH)
Batting: LHB Jonathan Sica 0-0: Foul Ball, location: 2F
0-1: Ground out 5-3 (Groundball, 56S, EV 63.8 MPH)
Batting: RHB Charlie Slayback 0-0: Ball
1-0: Foul Ball, location: 2F
1-1: Swinging Strike
1-2: Ball
2-2: SINGLE (Groundball, 56D, EV 98.1 MPH)
Batting: LHB Chris Grayson 0-0: Called Strike
0-1: Ball
1-1: Ball
2-1: Ball
3-1: SINGLE (Line Drive, 7S, EV 93.1 MPH)
Charlie Slayback to second
Batting: LHB Bertil Ivens 0-0: Fielders Choice at 2nd, U4 (Groundball, 4M, EV 86.2 MPH)
Top of the 2nd over - 0 runs, 2 hits, 0 errors, 2 left on base; University of Conneticut 0 - Florida State University 1
BOTTOM OF THE 2ND
Florida State University Seminoles batting - Pitching for University of Conneticut Huskies : RHP Hyun-kyoo Kim
Batting: LHB Hastings Miller 0-0: Ball
1-0: Ball
2-0: Swinging Strike
2-1: Foul Ball, location: 2F
2-2: Strikes out swinging
Batting: LHB Jeff Shields 0-0: Called Strike
0-1: Called Strike
0-2: Ball
1-2: Ball
2-2: Strikes out swinging
Batting: LHB Brian Clayton 0-0: Called Strike
0-1: Ball
1-1: Foul Ball, location: 2F
1-2: Foul Ball, location: 2F
1-2: Strikes out swinging
Bottom of the 2nd over - 0 runs, 0 hits, 0 errors, 0 left on base; University of Conneticut 0 - Florida State University 1
TOP OF THE 3RD
University of Conneticut Huskies batting - Pitching for Florida State University Seminoles : RHP Pat Knapke
Batting: RHB Victor Ramos 0-0: Ball
1-0: Ball
2-0: Foul Ball, location: 2F
2-1: SINGLE (Groundball, 34D, EV 93.8 MPH)
Batting: LHB Omar Alba 0-0: Called Strike
0-1: Swinging Strike
0-2: Foul Ball, location: 2F
0-2: Strikes out swinging
Batting: LHB Greg James 0-0: Ball
Victor Ramos steals 2nd, throwing error, E2
Victor Ramos to third
1-0: Ball
2-0: Called Strike
2-1: Ball
3-1: Swinging Strike
3-2: Strikes out looking
Batting: RHB Jai De san miguel 0-0: Called Strike
0-1: Called Strike
0-2: Foul Ball, location: 2F
0-2: Strikes out swinging
Top of the 3rd over - 0 runs, 1 hit, 1 error, 1 left on base; University of Conneticut 0 - Florida State University 1
BOTTOM OF THE 3RD
Florida State University Seminoles batting - Pitching for University of Conneticut Huskies : RHP Hyun-kyoo Kim
Batting: RHB J.R. Harvey 0-0: Ball
1-0: Ball
2-0: Swinging Strike
2-1: Foul Ball, location: 2F
2-2: Strikes out swinging
Batting: RHB Grayson Carmichael 0-0: Called Strike
0-1: Fly out, F4 (Line Drive, 4, EV 70.0 MPH)
Batting: RHB Tyan-yu Chen 0-0: Called Strike
0-1: Fly out, F7 (Flyball, 7S, EV 93.1 MPH)
Bottom of the 3rd over - 0 runs, 0 hits, 0 errors, 0 left on base; University of Conneticut 0 - Florida State University 1
TOP OF THE 4TH
University of Conneticut Huskies batting - Pitching for Florida State University Seminoles : RHP Pat Knapke
Batting: RHB Roku Kawano 0-0: Called Strike
0-1: Foul Ball, location: 2F
0-2: SINGLE (Groundball, 34D, EV 101.9 MPH)
Batting: LHB Jonathan Sica 0-0: Swinging Strike
0-1: Ball
1-1: Ball
2-1: Ball
3-1: Ground out 4-3 (Groundball, 4S, EV 68.8 MPH)
Roku Kawano to second
Batting: RHB Charlie Slayback 0-0: Ball
1-0: Foul Ball, location: 2F
1-1: Ball
2-1: Foul Ball, location: 2F
2-2: Strikes out swinging
Batting: LHB Chris Grayson 0-0: Ground out 4-3 (Groundball, 4, EV 100.6 MPH)
Top of the 4th over - 0 runs, 1 hit, 0 errors, 1 left on base; University of Conneticut 0 - Florida State University 1
BOTTOM OF THE 4TH
Florida State University Seminoles batting - Pitching for University of Conneticut Huskies : RHP Hyun-kyoo Kim
Batting: RHB Shu-yaan Louis 0-0: Ball
1-0: Called Strike
1-1: Swinging Strike
1-2: Ball
2-2: Foul Ball, location: 2F
2-2: Ground out 5-3 (Groundball, 56, EV 105.6 MPH)
Batting: LHB John Doiron 0-0: Called Strike
0-1: Ball
1-1: Foul Ball, location: 2F
1-2: Strikes out looking
Batting: LHB Kuang-an Liu 0-0: Fly out, F5 (Popup, 5S, EV 82.5 MPH)
Bottom of the 4th over - 0 runs, 0 hits, 0 errors, 0 left on base; University of Conneticut 0 - Florida State University 1
TOP OF THE 5TH
University of Conneticut Huskies batting - Pitching for Florida State University Seminoles : RHP Pat Knapke
Pitching: RHP Adam Todd
Batting: LHB Bertil Ivens 0-0: Called Strike
0-1: Ball
1-1: Swinging Strike
1-2: Foul Ball, location: 2F
1-2: Strikes out swinging
Pinch Hitting: RHB Jordan Nicholas 0-0: Swinging Strike
0-1: Called Strike
0-2: Ball
1-2: Ball
2-2: Foul Ball, location: 2F
2-2: Ball
3-2: SINGLE (Flyball, 7S, EV 91.9 MPH)
Batting: LHB Omar Alba 0-0: Ball
1-0: Fielders Choice at 2nd, 3-6 (Groundball, 3, EV 78.1 MPH)
Batting: LHB Greg James 0-0: Called Strike
Omar Alba is caught stealing 2nd base 2-6
Top of the 5th over - 0 runs, 1 hit, 0 errors, 0 left on base; University of Conneticut 0 - Florida State University 1
BOTTOM OF THE 5TH
Florida State University Seminoles batting - Pitching for University of Conneticut Huskies : RHP Hyun-kyoo Kim
Now at C: Ju-yi Huang
Now at 1B: Lee Wilbur
Now at 3B: Jordan Nicholas
Batting: LHB Hastings Miller 0-0: Ball
1-0: Ball
2-0: Ball
3-0: Called Strike
3-1: Base on Balls
Batting: LHB Jeff Shields 0-0: Ball
1-0: Ball
2-0: Fielders Choice at 2nd, 4-6 (Groundball, 34, EV 101.9 MPH)
Batting: LHB Brian Clayton 0-0: SINGLE (Groundball, 4, EV 96.2 MPH)
Jeff Shields to second
Runner from 2nd tries for 3rd, SAFE, throw by CF made to third
Batting: RHB J.R. Harvey 0-0: Called Strike
0-1: Ball
1-1: Fly out, F7 (Flyball, 7LM, EV 92.5 MPH)
Runner from 3rd tags up, OUT at HOME! 7-2
Bottom of the 5th over - 0 runs, 1 hit, 0 errors, 1 left on base; University of Conneticut 0 - Florida State University 1
TOP OF THE 6TH
University of Conneticut Huskies batting - Pitching for Florida State University Seminoles : RHP Adam Todd
Pitching: RHP Josh Walker
Now at C: Bart Hall
Now in CF: Matt Stewart
Pinch Hitting: LHB Matt Reed 0-0: Ball
1-0: Called Strike
1-1: Swinging Strike
1-2: Ball
2-2: Foul Ball, location: 2F
2-2: Strikes out swinging
Batting: RHB Jai De san miguel 0-0: Ball
1-0: Foul Ball, location: 2F
1-1: Swinging Strike
1-2: Fly out, F5 (Line Drive, 5L, EV 63.1 MPH)
Batting: RHB Lee Wilbur 0-0: Called Strike
0-1: Foul Ball, location: 2F
0-2: Ball
1-2: Ball
2-2: Fly out, F8 (Flyball, 8LM, EV 91.2 MPH)
Top of the 6th over - 0 runs, 0 hits, 0 errors, 0 left on base; University of Conneticut 0 - Florida State University 1
BOTTOM OF THE 6TH
Florida State University Seminoles batting - Pitching for University of Conneticut Huskies : RHP Hyun-kyoo Kim
Now in RF: Matt Reed
Batting: RHB Grayson Carmichael 0-0: Foul Ball, location: 2F
0-1: Fly out, F9 (Line Drive, 89D, EV 96.2 MPH)
Batting: RHB George Smienk 0-0: Foul Ball, location: 2F
0-1: Ball
1-1: Fly out, F8 (Flyball, 8RM, EV 91.2 MPH)
Pinch Hitting: SHB Jon Odle 0-0: SINGLE (Line Drive, 4D, EV 96.2 MPH)
Pinch Hitting: RHB Julio Mendoza 0-0: Ball
1-0: Foul Ball, location: 2F
1-1: Fly out, F9 (Flyball, 9S, EV 97.5 MPH)
Bottom of the 6th over - 0 runs, 1 hit, 0 errors, 1 left on base; University of Conneticut 0 - Florida State University 1
TOP OF THE 7TH
University of Conneticut Huskies batting - Pitching for Florida State University Seminoles : RHP Josh Walker
Now at 1B: John Welsh
Now at 2B: Jon Odle
Now in LF: Randy Bartlett
Batting: RHB Ju-yi Huang 0-0: Ball
1-0: Ball
2-0: Called Strike
2-1: Called Strike
2-2: Reached on error, E6 (Groundball, 6, EV 107.5 MPH)
Batting: RHB Phil Hilton 0-0: Sac Bunt to 13S - play at first, batter safe!
Ju-yi Huang to third
Batting: LHB Chris Grayson 0-0: SINGLE (Groundball, 5, EV 106.2 MPH)
Ju-yi Huang scores
Phil Hilton to second
Pinch Hitting: LHB Noel Mcnatty 0-0: Fly out, F8 (Flyball, 8RM, EV 85.0 MPH)
Batting: RHB Jordan Nicholas 0-0: Swinging Strike
0-1: Ball
1-1: Foul Ball, location: 2F
1-2: Foul Ball, location: 2F
1-2: Foul Ball, location: 2F
1-2: Fly out, F8 (Flyball, 8LD, EV 85.0 MPH)
Runner from 2nd tags up, SAFE at 3rd with throw by CF
Batting: LHB Omar Alba 0-0: Called Strike
Chris Grayson is caught stealing 2nd base 2-6
Top of the 7th over - 1 run, 2 hits, 1 error, 1 left on base; University of Conneticut 1 - Florida State University 1
BOTTOM OF THE 7TH
Florida State University Seminoles batting - Pitching for University of Conneticut Huskies : RHP Hyun-kyoo Kim
Pitching: RHP Hector Guerra
Now in LF: Noel Mcnatty
Batting: LHB Kuang-an Liu 0-0: Foul Ball, location: 2F
0-1: DOUBLE (Groundball, 5L, EV 96.2 MPH)
Batting: LHB Matt Stewart 0-0: Ball
1-0: Fly out, F8 (Line Drive, 8LD, EV 93.1 MPH)
Batting: LHB Jeff Shields 0-0: Ball
1-0: Called Strike
1-1: Ball
2-1: Ground out 4-3 (Groundball, 4, EV 81.2 MPH)
Kuang-an Liu to third
Batting: RHB Bart Hall 0-0: Ball
1-0: Swinging Strike
1-1: Swinging Strike
1-2: Ball
2-2: Strikes out swinging
Bottom of the 7th over - 0 runs, 1 hit, 0 errors, 1 left on base; University of Conneticut 1 - Florida State University 1
TOP OF THE 8TH
University of Conneticut Huskies batting - Pitching for Florida State University Seminoles : RHP Josh Walker
Pitching: LHP Angel Villatoro
Batting: LHB Omar Alba 0-0: Called Strike
0-1: Ball
1-1: Foul Ball, location: 2F
1-2: Foul Ball, location: 2F
1-2: Strikes out swinging
Batting: LHB Matt Reed 0-0: Ball
1-0: Ball
2-0: Fly out, F8 (Flyball, 8LD, EV 88.8 MPH)
Pitching: RHP Ben Mathias
Batting: RHB Jai De san miguel 0-0: Foul Ball, location: 2F
0-1: Ball
1-1: Foul Ball, location: 2F
1-2: Foul Ball, location: 2F
1-2: SINGLE (Groundball, 56D, EV 94.4 MPH)
Pinch Hitting: RHB Matthew Lanford 0-0: Ball
Jai De san miguel is caught stealing 2nd base 2-4
Top of the 8th over - 0 runs, 1 hit, 0 errors, 0 left on base; University of Conneticut 1 - Florida State University 1
BOTTOM OF THE 8TH
Florida State University Seminoles batting - Pitching for University of Conneticut Huskies : RHP Hector Guerra
Now at 1B: Bill Groves
Batting: RHB J.R. Harvey 0-0: Ball
1-0: Ball
2-0: Called Strike
2-1: Called Strike
2-2: Ground out 6-3 (Groundball, 56, EV 88.8 MPH)
Batting: SHB John Welsh 0-0: Ball
1-0: Ball
2-0: Called Strike
2-1: Foul Ball, location: 2F
2-2: Strikes out swinging
Batting: RHB George Smienk 0-0: Ball
1-0: Swinging Strike
1-1: Ball
2-1: Called Strike
2-2: SINGLE (Groundball, 6M, EV 98.1 MPH)
Batting: SHB Jon Odle 0-0: Called Strike
0-1: Fly out, F9 (Flyball, 9S, EV 89.4 MPH)
Bottom of the 8th over - 0 runs, 1 hit, 0 errors, 1 left on base; University of Conneticut 1 - Florida State University 1
TOP OF THE 9TH
University of Conneticut Huskies batting - Pitching for Florida State University Seminoles : RHP Ben Mathias
Batting: LHB Bill Groves 0-0: Ball
1-0: Ball
2-0: Fly out, F6 (Popup, 56D, EV 61.2 MPH)
Batting: RHB Ju-yi Huang 0-0: SOLO HOME RUN (Flyball, 7LD, EV 98.8 MPH), Distance : 371 ft
Batting: RHB Phil Hilton 0-0: Ball
1-0: Called Strike
1-1: Fly out, F7 (Flyball, 7D, EV 95.6 MPH)
Batting: LHB Chris Grayson 0-0: Ball
1-0: Ball
2-0: Swinging Strike
2-1: Swinging Strike
2-2: Ball
3-2: Foul Ball, location: 2F
3-2: Foul Ball, location: 2F
3-2: Strikes out looking
Top of the 9th over - 1 run, 1 hit, 0 errors, 0 left on base; University of Conneticut 2 - Florida State University 1
BOTTOM OF THE 9TH
Florida State University Seminoles batting - Pitching for University of Conneticut Huskies : RHP Hector Guerra
Pitching: RHP Jordan Watkins
Pinch Hitting: RHB Jeff Blakeney 0-0: Ball
1-0: Foul Ball, location: 2F
1-1: Swinging Strike
1-2: Ball
2-2: Strikes out swinging
Batting: LHB Kuang-an Liu 0-0: Called Strike
0-1: Swinging Strike
0-2: Ball
1-2: Ball
2-2: Ball
3-2: Base on Balls
Batting: LHB Matt Stewart 0-0: Called Strike
0-1: Swinging Strike
0-2: Fielders Choice at 2nd, 6-4 (Groundball, 6MS, EV 84.4 MPH)
Batting: LHB Jeff Shields 0-0: Foul Ball, location: 2F
0-1: Ball
1-1: Foul Ball, location: 2F
1-2: Foul Ball, location: 2F
1-2: Strikes out looking
Bottom of the 9th over - 0 runs, 0 hits, 0 errors, 1 left on base; University of Conneticut 2 - Florida State University 1
Sunday, July 16th , 2023 - OOTP Baseball 24.6 Build 69